 Dungeon Crawl Stone Soup version 0.29.0-4-gdea44cf6ec (webtiles) character file.

Game seed: 2921821544985749739

44 oldmanjim the Changer (level 3, -1/33 HPs)
             Began as an Ogre Transmuter on Aug 27, 2022.
             Slain by a black bear (4 damage)
             ... on level 3 of the Dungeon.
             The game lasted 00:10:11 (2062 turns).

oldmanjim the Changer (Ogre Transmuter)             Turns: 2062, Time: 00:10:12

Health: -1/33      AC:  4    Str: 14    XL:     3   Next: 60%
Magic:  6/7        EV: 10    Int: 16    God:
Gold:   56         SH:  0    Dex: 15    Spells: 4/8 levels left

rFire   . . .      SeeInvis .     - Unarmed
rCold   . . .      Faith    .   (no shield)
rNeg    . . .      Spirit   .   a - +0 robe
rPois   .          Reflect  .   (helmet currently unavailable)
rElec   .          Harm     .   l - +0 cloak
rCorr   .          Rampage  .   (gloves unavailable)
Will    .....                   (boots unavailable)
Stlth   +.........              (no amulet)
HPRegen 0.11/turn               k - +6 ring of dexterity
MPRegen 0.10/turn               (no ring)

@: appendages
A: horns 2, talons 2, large, unfitting armour, tough skin 1
a: End Transformation


You were on level 3 of the Dungeon.
You had temporarily grown beastly horns and talons.
You visited 1 branch of the dungeon, and saw 3 of its levels.

You collected 84 gold pieces.
You spent 28 gold pieces at shops.

Inventory:

Missiles
 f - 10 stones (quivered)
Armour
 a - a +0 robe (worn)
 l - a +0 cloak (worn)
Jewellery
 k - a +6 ring of dexterity (left hand)
Scrolls
 c - a scroll of torment {unknown}
 d - a scroll of noise {unknown}
 e - a scroll of identify {unknown}
 g - a scroll of enchant armour {unknown}
 h - a scroll of brand weapon {unknown}
Potions
 b - a potion of lignification
 i - a potion of heal wounds {unknown}
 j - a potion of attraction {unknown}
 m - a potion of degeneration {unknown}


   Skills:
 - Level 1.3 Fighting
 - Level 1.7 Dodging
 - Level 2.6 Unarmed Combat
 - Level 3.0 Spellcasting
 + Level 3.2 Transmutations


You had 4 spell levels left.
You knew the following spells:

 Your Spells              Type           Power      Damage    Failure   Level
a - Beastly Appendage     Tmut           24%        N/A       4%          1
b - Spider Form           Tmut/Pois      7%         N/A       28%         3

Your spell library contained the following spells:

 Spells                   Type           Power      Damage    Failure   Level
 Wereblood                Tmut           12%        N/A       8%          2
 Ice Form                 Ice/Tmut       7%         N/A       67%         4


Dungeon Overview and Level Annotations

Branches:
Dungeon (3/15)

Altars:
Hepliaklqana
Trog

Shops:
D:1 *[!:


Innate Abilities, Weirdness & Mutations

You have temporarily grown beastly horns and talons.
You are too large for most types of armour.
You have tough skin. (AC +1)


Message History

Found a robe.
Found a faded altar of an unknown god.
Found a mace.
You see here a +0 robe.
There is a faded altar of an unknown god here.
You open the door.
A black bear comes into view.
The black bear growls angrily.
You hear a shout!
Casting: Beastly Appendage (safe; 4% risk of failure)
Confirm with . or Enter, or press ? or * to list all spells.
You grow a pair of large bovine horns.
Your feet morph into talons.
The black bear completely misses you.
The black bear claws you but does no damage.
The black bear claws you.
A goblin comes into view. It is wielding a +0 club.
The black bear bites you. The black bear barely misses you. x2
You barely miss the black bear. You claw the black bear.
You headbutt the black bear.
The black bear is lightly wounded.
The black bear bites you. The black bear closely misses you.
The black bear barely misses you.
You hit the black bear but do no damage.
The black bear is lightly wounded.
The black bear bites you! The black bear completely misses you.
The black bear claws you.
You are too injured to fight recklessly!
You barely miss the black bear. You headbutt the black bear.
The black bear is moderately wounded.
The black bear bites you.
The black bear claws you but does no damage.
The black bear claws you.
* * * LOW HITPOINT WARNING * * *
The black bear attacks as you move away!
The black bear closely misses you. The black bear claws you.
* * * LOW HITPOINT WARNING * * *
The black bear claws you.
* * * LOW HITPOINT WARNING * * *
The black bear attacks as you move away!
The black bear bites you.
You die...

############### #####
#.............#######......
...[._..........@h..'......
#......)......#######g.....
############### ..... ....
... .. .


You could see a black bear and a goblin.

Vanquished Creatures
  2 dart slugs
  5 endoplasms (D:1)
  3 giant cockroaches (D:1)
  6 goblins
  2 hobgoblins
  2 quokkas (D:1)
  3 ball pythons
  5 bats
  A frilled lizard (D:1)
  3 kobolds
  5 rats
37 creatures vanquished.

Notes
Turn   | Place    | Note
-------+----------+-------------------------------------------
     0 | D:1      | oldmanjim the Ogre Transmuter began the quest for the Orb.
     0 | D:1      | Reached XP level 1. HP: 19/19 MP: 3/3
    88 | D:1      | Found Terph's Jewellery Shop.
   204 | D:1      | Found Cinoses's Distillery.
   220 | D:1      | Reached XP level 2. HP: 27/27 MP: 3/5
   572 | D:1      | Found Tostup's Book Emporium.
   650 | D:1      | Found Weell's Armour Shop.
   764 | D:1      | Found Yzoen's Assorted Antiques.
   767 | D:1      | Bought a metallic ruby potion for 14 gold pieces
   767 | D:1      | Bought a lumpy amethyst potion for 14 gold pieces
   801 | D:1      | Reached XP level 3. HP: 32/33 MP: 5/7
   805 | D:1      | Learned a level 3 spell: Spider Form
  1888 | D:3      | Found a hazy altar of Hepliaklqana.
  1900 | D:3      | Found a bloodstained altar of Trog.
  2031 | D:3      | Found a faded altar of an unknown god.
  2053 | D:3      | Noticed a black bear
  2062 | D:3      | Slain by a black bear

Illustrated notes

Levels and vault maps discovered:
D:1:      erik_arrival_blinker_ship, layout_basic, serial_shops,
          nicolae_shop_behind_doors, shop_statue, nicolae_shop_advertising_works
          [nicolae_subvault_shop_adworks], shop, shop_statue
D:2:      layout_basic
D:3:      layout_basic, mainiacjoe_overflow_large_starburst,
          basic_ecumenical_altar

Skill      XL: |  1  2  3 |
---------------+----------+-----
Transmutations | 2 3 |  3.2
Spellcasting   | 3 |  3.0
Fighting       | |  1.3
Dodging        | |  1.7
Unarmed Combat | |  2.6

Action                   || total
-------------------------++-------
Melee: Unarmed           ||    82
       Kick              ||    25
       Headbutt          ||    11
 Cast: Beastly Appendage ||    30
 Stab: Sleeping          ||     1
Armor: Robe              ||    33
Dodge: Dodged            ||    41
